 Dungeon Crawl Stone Soup version 0.31.0-4-g52a2dc7128 (webtiles) character file.

Game seed: 11635953503229514928

130 Arctor the Shooter (level 5, 0/30 HPs)
             Began as a Kobold Hexslinger on Jan 21, 2024.
             Slain by an orc wizard
             ... wielding a +0 dagger
              (3 damage)
             ... on level 3 of the Dungeon.
             The game lasted 00:02:46 (2551 turns).

Arctor the Shooter (Kobold Hexslinger)              Turns: 2551, Time: 00:02:47

Health: 0/30       AC:  2    Str:  5    XL:     5   Next: 36%
Magic:  8/8        EV: 16    Int: 14    God:
Gold:   175        SH:  0    Dex: 20    Spells: 3/8 levels left

rFire   . . .        a - +1 sling
rCold   . . .        (no shield)
rNeg    . . .        c - +0 robe
rPois   .            (no helmet)
rElec   .            (no cloak)
rCorr   .            (no gloves)
SInv    .            (no boots)
Will    .....        (no amulet)
Stlth   +++          (no ring)
HPRegen 0.25/turn    (no ring)
MPRegen 0.11/turn

%: no passive effects
@: no status effects
A: small, no large weapons, nightstalker 3
a: no special abilities


You were on level 3 of the Dungeon.
You visited 1 branch of the dungeon, and saw 3 of its levels.

You collected 175 gold pieces.

Inventory:

Hand Weapons
 a - a +1 sling (weapon)
Armour
 c - a +0 robe (worn)
Scrolls
 b - a scroll of poison
 f - a scroll of fear {unknown}
 g - a scroll of noise {unknown}
 i - 3 scrolls of fog {unknown}
Potions
 d - a potion of degeneration {unknown}
 e - a potion of heal wounds {unknown}
 h - a potion of invisibility {unknown}
 j - a potion of attraction {unknown}


   Skills:
 + Level 2.2 Fighting
 + Level 3.7 Ranged Weapons
 + Level 3.3 Dodging
 + Level 2.1 Stealth
 + Level 2.0 Spellcasting
 + Level 3.5 Hexes
 - Level 1.3 Fire Magic


You had 3 spell levels left.
You knew the following spells:

 Your Spells              Type           Power      Damage    Failure   Level
a - Jinxbite              Hex            22%        N/A       9%          2
b - Sigil of Binding      Hex            11%        N/A       17%         3

Your spell library contained the following spells:

 Spells                   Type           Power      Damage    Failure   Level
 Inner Flame              Hex/Fire       8%         N/A       26%         3
 Dazzling Flash           Conj/Hex       12%        N/A       34%         3
 Cause Fear               Hex            5%         N/A       50%         4
 Dimensional Bullseye     Hex/Tloc       3%         N/A       75%         4
 Starburst                Conj/Fire      1%         6d3       100%        6


Dungeon Overview and Level Annotations

Branches:
Dungeon (3/15)

Altars:
Ru


Innate Abilities, Weirdness & Mutations

You are small and have problems with some larger weapons.
You are completely attuned to the shadows.


Message History

You kill the orc!
The orc wizard hits you with a +0 dagger.
You shoot a sling bullet.
The sling bullet barely misses the orc wizard.
The sling bullet hits the orc!
You kill the orc!
The orc hits you with a +0 flail.
The orc wizard points at you and mumbles some strange words.
The puff of flame hits you. The orc barely misses you.
The orc wizard completely misses you.
You shoot a sling bullet. The sling bullet hits the orc wizard.
The orc wizard is heavily wounded.
The orc misses you.
The orc wizard gestures at you while chanting.
You are confused.
Unknown command.
You're too confused to cast spells.
Sorry, you're not good enough to have a special ability.
The orc closely misses you. The orc wizard barely misses you.
Things that are here:
a +0 dagger; a +0 chain mail The orc wizard attacks as it pursues you!
The orc wizard misses you.
You're too confused to move!
The orc closely misses you. The orc wizard barely misses you.
The orc wizard misses you.
Things that are here:
a +0 dagger; a +0 chain mail You're too confused to cast spells.
Sorry, you're not good enough to have a special ability.
You completely miss the orc wizard.
The orc wizard is moderately wounded.
The orc closely misses you.
The orc wizard hits you with a +0 dagger.
You bump into the rock wall.
You feel less confused. The orc hits you with a +0 flail!
* * * LOW HITPOINT WARNING * * *
The orc wizard hits you with a +0 dagger.
You die...

##### #..@# #.oo#
#...# #)..#
##...## #......
.## #..... #......
...##.....##......
....#.....##.....[


You could see an orc wizard and an orc.

Vanquished Creatures
  Jessica (D:2)
  An orc wizard (D:3)
  An adder (D:2)
  An ufetubus (D:3)
  A dart slug (D:1)
  A ribbon worm (D:2)
  3 orcs
  4 ball pythons
  3 bats
  5 endoplasms
  15 giant cockroaches
  2 goblins
  2 hobgoblins
  A quokka (D:2)
  3 frilled lizards (D:1)
  3 kobolds
  5 rats
52 creatures vanquished.

Notes
Turn   | Place    | Note
-------+----------+-------------------------------------------
     0 | D:1      | Arctor the Kobold Hexslinger began the quest for the Orb.
     0 | D:1      | Reached XP level 1. HP: 12/12 MP: 2/2
   138 | D:1      | Reached XP level 2. HP: 16/16 MP: 3/3
   664 | D:1      | Reached XP level 3. HP: 20/20 MP: 5/5
  1101 | D:2      | Got the Monograph on Molten Ill Luck
  1129 | D:2      | Learned a level 2 spell: Jinxbite
  1307 | D:2      | Noticed Jessica
  1315 | D:2      | Killed Jessica
  1316 | D:2      | Reached skill level 1 in Stealth
  1316 | D:2      | Reached XP level 4. HP: 23/26 MP: 6/6
  1385 | D:2      | Learned a level 3 spell: Sigil of Binding
  1562 | D:2      | Identified the +5 chain mail of the Rhinotaur {rF++}
  2376 | D:3      | Found a sacrificial altar of Ru.
  2402 | D:3      | Reached XP level 5. HP: 6/30 MP: 6/8
  2551 | D:3      | Slain by an orc wizard

Illustrated notes

Levels and vault maps discovered:
D:1:      shiori_arrival_maze, layout_loops_corners, nicolae_the_louvre
D:2:      minmay_roachtagon, layout_loops_corners, grunt_decor_clamped,
          uniq_jessica
D:3:      layout_basic, old_standard_altar, basic_ecumenical_altar

Skill      XL: |  1  2  3  4 |
---------------+-------------+-----
Ranged Weapons | 3 |  3.7
Dodging        | 3 |  3.3
Stealth        | 1 2 |  2.1
Fighting       | 2 |  2.2
Spellcasting   | 2 |  2.0
Hexes          | |  3.5
Fire Magic     | |  1.3

Action                     |  1- 3 |  4- 6 || total
---------------------------+-------+-------++-------
  Melee: Sling             |       |     1 ||     1
   Fire: Sling             |    63 |   106 ||   169
   Cast: Jinxbite          |       |     1 ||     1
 Armour: Robe              |     7 |    49 ||    56
  Dodge: Dodged            |    11 |    92 ||   103
